 Dungeon Crawl Stone Soup version 0.26.1-11-gd32895ea62 (webtiles) character file.

Game seed: 9476206572036707141

3531 phalm the Magician (level 9, -6/69 HPs)
             Began as a Mummy Conjurer on June 21, 2021.
             Was an Initiate of Gozag.
             Mangled by a boulder beetle (16 damage)
             ... on level 7 of the Dungeon.
             The game lasted 00:18:55 (10465 turns).

phalm the Magician (Mummy Conjurer)                Turns: 10465, Time: 00:18:55

Health: -6/69      AC:  7    Str: 11    XL:     9   Next: 82%
Magic:  12/20      EV: 16    Int: 20    God:    Gozag
Gold:   546        SH:  0    Dex: 10    Spells: 9/23 levels left

rFire    x . .     SeeInvis .   F - +2 whip (elec)
rCold    + . .     Faith    .   (no shield)
rNeg     + + +     Spirit   .   a - +0 robe
rPois    ∞         Reflect  .   (no helmet)
rElec    .         Harm     .   (no cloak)
rCorr    .         Rampage  .   b - +0 pair of gloves
Will     +....                  (no boots)
Stlth    ++........             (no amulet)
HPRegen  0.21/turn              E - +4 ring of evasion
MPRegen  0.17/turn              O - +4 ring of protection

@: gold aura, hasted, very quick
A: no potions, fire vulnerability, cold resistance 1, negative energy resistance
3, torment resistance, unbreathing
a: Renounce Religion, Potion Petition, Call Merchant, Bribe Branch


You were on level 7 of the Dungeon.
You worshipped Gozag.
Gozag was pleased with you.
You visited 2 branches of the dungeon, and saw 10 of its levels.

You collected 1070 gold pieces.
You spent 35 gold pieces at shops.
You paid 489 gold pieces to Gozag.


Innate Abilities, Weirdness & Mutations

You do not drink.
Your flesh is vulnerable to fire.
You are immune to poison.
Your flesh is cold resistant. (rC+)
You are immune to negative energy. (rN+++)
You are immune to unholy pain and torment.
You can survive without breathing.


   Skills:
 + Level 5.7 Fighting
 - Level 1.5 Dodging
 - Level 1.5 Stealth
 + Level 7.5 Spellcasting
 + Level 6.3 Conjurations
 + Level 4.6 Hexes
 - Level 6.0 Translocations
 * Level 1.5 Ice Magic


You had 9 spell levels left.
You knew the following spells:

 Your Spells              Type           Power        Failure   Level
f - Fulminant Prism       Conj/Hex       14%          10%         4
m - Magic Dart            Conj           100%         1%          1
r - Frozen Ramparts       Ice            26%          14%         3
s - Searing Ray           Conj           64%          1%          2
X - Iskenderun's Mystic   Conj/Tloc      32%          7%          4

Your spell library contained the following spells:

 Spells                   Type           Power        Failure   Level
 Dazzling Flash           Conj/Hex       58%          2%          3
 Freeze                   Ice            52%          4%          1
 Ozocubu's Armour         Ice            13%          14%         3
 Hailstorm                Conj/Ice       23%          19%         4
 Summon Ice Beast         Ice/Summ       10%          54%         4
 Beastly Appendage        Tmut           Unusable     N/A         1
 Wereblood                Tmut           Unusable     N/A         2
 Spider Form              Tmut/Pois      Unusable     N/A         3
 Ice Form                 Ice/Tmut       Unusable     N/A         4
 Blade Hands              Tmut           Unusable     N/A         5

Inventory:

Hand Weapons
 C - a +0 vorpal trident
   (You found it on level 6 of the Dungeon)
 F - a +2 whip of electrocution (weapon)
   (You took it off a gnoll on level 6 of the Dungeon)
Missiles
 d - 38 sling bullets
 e - 113 arrows
 g - 31 poisoned darts (quivered)
 n - 85 bolts
 p - 22 boomerangs
 s - 5 atropa-tipped darts
 y - a throwing net {=f!f}
Armour
 a - a +0 robe (worn)
 b - a +0 pair of gloves (worn)
   (You found it on level 2 of the Dungeon)
 l - a +2 ring mail of willpower
   (You took it off Terence on level 2 of the Dungeon)
 v - a +1 leather armour of cold resistance
   (You took it off Ijyb on level 4 of the Dungeon)
Jewellery
 E - a +4 ring of evasion (left hand)
   (You found it on level 1 of the Dungeon)
 O - a +4 ring of protection (right hand)
   (You found it on level 4 of the Dungeon)
Wands
 c - a wand of enslavement (7)
   (You took it off a gnoll on level 6 of the Dungeon)
 r - a wand of digging (5)
   (You found it on level 8 of the Dungeon)
 t - a wand of paralysis (15)
   (You took it off Ijyb on level 4 of the Dungeon)
 u - a wand of polymorph (12)
   (You found it on level 7 of the Dungeon)
 A - a wand of random effects (18)
   (You found it on level 5 of the Dungeon)
 B - a wand of iceblast (10)
   (You found it on level 5 of the Dungeon)
Scrolls
 f - 2 scrolls of holy word {!r}
 h - 2 scrolls of blinking {!r}
 i - 2 scrolls of enchant weapon
 j - 4 scrolls of teleportation {@r4}
 k - 2 scrolls of identify {@r1}
 m - a scroll of remove curse {@r2}
 o - a scroll of immolation {!r!r}
 q - a scroll of fog {unknown}
 w - a scroll of amnesia
 x - a scroll of magic mapping {!r}
 z - 5 scrolls of noise {!r}

Dungeon Overview and Level Annotations

Branches:
Dungeon (9/15)             Temple (1/1) D:5
   Lair: D:8-11         Orc: D:9-12

Altars:
Ashenzari
Cheibriados
Dithmenos
Elyvilon
Fedhas
Gozag
Hepliaklqana
Kikubaaqudgha
Makhleb
Nemelex Xobeh
Okawaru
Qazlal
Ru
Sif Muna
Trog
Uskayaw
Vehumet
Wu Jian
Xom
Yredelemnul
Zin
The Shining One
Beogh

Shops:
D:4 *

Annotations:
D:2 2 transporters
D:5 Prince Ribbit
D:8 3 runed translucent doors, Diggabert's ghost, novice HOFi

### #.. #### # #.# ...
### # #.# #.##.# # #.#
#...$#### ##########.#
#?....... ....?.B@B..##
#.#.####.
##########..####.#.##...
##$.##..#.##B..
#........##...
#.#....####... #...#.##
#... #...#..# #....
................
....#...#..B#...#.


You could see a boulder beetle and a worker ant.


Message History

The searing ray misses the sky beast.
The adder bites you.
* * * LOW HITPOINT WARNING * * *
The sky beast hits you but does no damage. 😱 HP[-2]
You take 2 damage, and now have 14/68 hp.
The searing ray hits the sky beast!
You kill the sky beast!
The adder completely misses you. 😱 HP[+1] MP[-1]
You now have 69 max hp (+1).
You lost 1 mp, and now have 12/20 mp.
Casting: Searing Ray (safe; 1% risk of failure)
Confirm with . or Enter, or press ? or * to list all spells.
Aiming: Searing Ray (safe; 1% risk of failure)
Press: ? - help, Shift-Dir - straight line, f - adder
Aim: an adder (32% to evade)
The searing ray hits the adder! (Press . to maintain the ray.)
The adder closely misses you. x2 😱 MP[-2]
You lost 2 mp, and now have 10/20 mp.
The searing ray hits the adder!
You kill the adder! 😱 MP[-1]
You lost 1 mp, and now have 9/20 mp.
You now have 864 gold pieces (gained 7). 😱 HP[+1] MP[+1]
You now have 876 gold pieces (gained 12). 😱 HP[+1]
A water moccasin skeleton comes into view.
The water moccasin skeleton moves out of view. 😮 HP[+30] MP[+10]
You regained 30 hp, and now have 47/69 hp.
Your mp is fully restored (20). 😮 HP[+1]
A worker ant comes into view.
Casting: Searing Ray (safe; 1% risk of failure)
Confirm with . or Enter, or press ? or * to list all spells.
Aiming: Searing Ray (safe; 1% risk of failure)
Press: ? - help, Shift-Dir - straight line, f - water moccasin skeleton
Aim: a water moccasin skeleton (14% to evade)
The searing ray hits the water moccasin skeleton! (Press . to maintain the ray.)
The water moccasin skeleton completely misses you.
The water moccasin skeleton misses you. 😮 HP[+1] MP[-2]
You lost 2 mp, and now have 18/20 mp.
The searing ray hits the water moccasin skeleton!
The boulder beetle curls into a ball and begins rolling!
The water moccasin skeleton bites you! 😮 HP[-8] MP[-1]
You take 8 damage, and now have 41/69 hp.
You lost 1 mp, and now have 17/20 mp.
The searing ray hits the water moccasin skeleton!
The water moccasin skeleton barely misses you. 😮 MP[-1]
You lost 1 mp, and now have 16/20 mp.
The searing ray hits the water moccasin skeleton!
You destroy the water moccasin skeleton!
You finish channeling your searing ray.
The boulder beetle hits you!!
* * * LOW HITPOINT WARNING * * *
The boulder beetle stops rolling and uncurls. 😱 HP[-33] MP[-1]
You take 33 damage, and now have 8/69 hp.
MASSIVE DAMAGE!! (PAUSE)
You lost 1 mp, and now have 15/20 mp.
The worker ant becomes distracted by your gold, dreaming of imaginary riches.
The boulder beetle curls into a ball and begins rolling! 😱 HP[+1] MP[+1]
You can't drink.
Unknown command. [a] - 667 gold - haste, heal wounds and magic [b] - 330 gold - haste and heal wounds [c] - 300 gold - haste Purchase which effect?
You no longer have enough gold to fund merchants seeking to open stores in the dungeon.
You feel yourself speed up.
You feel much better. The boulder beetle hits you!!
* * * LOW HITPOINT WARNING * * *
The boulder beetle stops rolling and uncurls. 😱 HP[+7]
You regained 7 hp, and now have 16/69 hp.
The worker ant is no longer distracted by gold.
The boulder beetle becomes distracted by the nearby gold, dreaming of imaginary riches.
Casting: Searing Ray (safe; 1% risk of failure)
Confirm with . or Enter, or press ? or * to list all spells.
Aiming: Searing Ray (safe; 1% risk of failure)
Press: ? - help, Shift-Dir - straight line, f - worker ant
Aim: a worker ant (19% to evade)
The searing ray misses the worker ant. (Press . to maintain the ray.)
The boulder beetle is no longer distracted by gold. 😱 MP[-2]
You lost 2 mp, and now have 14/20 mp.
The searing ray hits the worker ant.
The worker ant misses you. 😱 MP[-1]
You lost 1 mp, and now have 13/20 mp.
The searing ray hits the worker ant!
The worker ant bites you!
* * * LOW HITPOINT WARNING * * *
The boulder beetle bites you!
You die...
Your body crumbles into a pile of gold.

Skill      XL: |  1  2  3  4  5  6  7  8  9 |
---------------+----------------------------+-----
Spellcasting   | 3 4 5 6 7 |  7.5
Fighting       | 1 2 3 4 5 |  5.7
Conjurations   | 4 5 6 |  6.3
Translocations | 1 2 3 5 6 |  6.0
Hexes          | 1 2 3 4 |  4.6
Ice Magic      | 1 |  1.5
Dodging        | |  1.5
Stealth        | |  1.5

Action                   |  1- 3 |  4- 6 |  7- 9 || total
-------------------------+-------+-------+-------++-------
Melee: Mace              |     2 |     8 |    10 ||    20
       Whip              |       |       |    28 ||    28
Throw: Dart              |       |    11 |    19 ||    30
 Cast: Magic Dart        |    68 |    58 |   194 ||   320
       Searing Ray       |     3 |    14 |    73 ||    90
Invok: Potion Petition   |       |       |     1 ||     1
  Use: Scroll            |       |     5 |     4 ||     9
Armor: Robe              |     1 |     6 |    37 ||    44
Dodge: Dodged            |     8 |    33 |   114 ||   155

Levels and vault maps discovered:
D:1:      grunt_arrival_lava_bath, layout_basic
D:2:      layout_basic, gammafunk_temple_overflow_arena, hangedman_ru_absence,
          chequers_ecumenical_altar_simple, trog_book, uniq_terence
D:3:      layout_basic, general_overflow_altar, okawaru_altar_gauntlet_db
D:4:      layout_rooms, nicolae_alphabet_shops, minmay_gold_behind_fungi,
          uniq_ijyb, uniq_eustachio
D:5:      minmay_evil_eye, layout_loops_corners, nicolae_overflow_hidden_temple,
          minmay_temple_entry_overgrown, uniq_prince_ribbit1
D:6:      layout_loops_ring, grunt_temple_overflow_open
D:7:      cheibrodos_fzero, layout_rooms, lemuel_round_altar, serial_shops,
          nicolae_shop_behind_doors, nzn_random_ring
D:8:      layout_basic, biasface_ghost_orc_armoury, serial_park_tiny_pond
D:9:      layout_stronghold, david_lair_shrubbed, orc_0_dummy,
          nicolae_gozag_cash_rules_everything_around_me
Temple:   jpeg_temple_alley_garden

Notes
Turn   | Place    | Note
-------+----------+-------------------------------------------
     0 | D:1      | phalm the Mummy Conjurer began the quest for the Orb.
     0 | D:1      | Reached XP level 1. HP: 13/13 MP: 4/4
     0 | D:1      | magus.rc [v1.9.10]
   653 | D:1      | Reached XP level 2. HP: 20/20 MP: 2/5
   656 | D:1      | Learned a level 2 spell: Searing Ray
  1205 | D:2      | Found a faded altar of an unknown god.
  1229 | D:2      | Reached skill level 3 in Spellcasting
  1403 | D:2      | Found a transporter.
  1407 | D:2      | Noticed a killer bee
  1408 | D:2      | Noticed an ogre
  1441 | D:2      | Found a stormy altar of Qazlal.
  1441 | D:2      | Found an ornate altar of the Wu Jian Council.
  1441 | D:2      | Found an ancient bone altar of Kikubaaqudgha.
  1455 | D:2      | Found a transporter.
  1558 | D:2      | Found a bloodstained altar of Trog.
  1637 | D:2      | Reached skill level 1 in Fighting
  1697 | D:2      | Found a sacrificial altar of Ru.
  1837 | D:2      | Noticed Terence
  1850 | D:2      | Killed Terence
  1851 | D:2      | Reached XP level 3. HP: 25/26 MP: 0/7
  2192 | D:3      | Reached skill level 4 in Conjurations
  2459 | D:3      | Reached XP level 4. HP: 32/32 MP: 1/9
  3147 | D:3      | Found an iron altar of Okawaru.
  3214 | D:3      | Found a shadowy altar of Dithmenos.
  3408 | D:4      | Reached skill level 2 in Fighting
  3408 | D:4      | Reached XP level 5. HP: 38/38 MP: 3/10
  3413 | D:4      | Learned a level 4 spell: Iskenderun's Mystic Blast
  3418 | D:4      | Learned a level 4 spell: Fulminant Prism
  3576 | D:4      | Reached skill level 4 in Spellcasting
  3730 | D:4      | Noticed Ijyb
  3744 | D:4      | Killed Ijyb
  3745 | D:4      | Reached skill level 1 in Translocations
  3953 | D:4      | Found Miyblun's Merry Market.
  3966 | D:4      | Bought a scroll of magic mapping for 35 gold pieces
  3984 | D:4      | Reached XP level 6. HP: 46/46 MP: 3/12
  4005 | D:4      | Reached skill level 1 in Hexes
  4239 | D:4      | Noticed Eustachio
  4276 | D:4      | Killed Eustachio
  4277 | D:4      | Reached skill level 2 in Translocations
  4578 | D:4      | You pick up a book of Changes and begin reading...
  4606 | D:5      | Entered Level 5 of the Dungeon
  4642 | D:5      | Reached skill level 3 in Fighting
  4642 | D:5      | Reached XP level 7. HP: 52/52 MP: 8/14
  5359 | D:5      | Noticed Prince Ribbit
  5582 | D:5      | Found a blossoming altar of Fedhas.
  5671 | D:5      | Reached skill level 5 in Spellcasting
  5671 | D:5      | Reached skill level 2 in Hexes
  5810 | D:5      | Found a staircase to the Ecumenical Temple.
  5817 | Temple   | Entered the Ecumenical Temple
  6061 | D:5      | Reached skill level 5 in Conjurations
  6149 | D:5      | Reached skill level 3 in Translocations
  6753 | D:6      | Reached XP level 8. HP: 34/60 MP: 9/16
  7118 | D:6      | Reached skill level 4 in Fighting
  7263 | D:6      | Reached skill level 4 in Translocations
  7364 | D:6      | Reached skill level 3 in Hexes
  7526 | D:6      | Found a broken altar of Ashenzari.
  7527 | D:6      | Found a radiant altar of Vehumet.
  7531 | D:6      | Found a white marble altar of Elyvilon.
  7531 | D:6      | Found an opulent altar of Gozag.
  7531 | D:6      | Found a burning altar of Makhleb.
  7540 | D:6      | Became a worshipper of Gozag Ym Sagoz the Greedy
  7644 | D:6      | You fall into a shaft and drop 3 floors!
  7870 | D:8      | Reached skill level 6 in Spellcasting
  7987 | D:8      | Found a runed translucent gate.
  7987 | D:8      | Noticed Diggabert's ghost (novice HOFi)
  8218 | D:7      | Reached skill level 5 in Translocations
  8249 | D:7      | Reached XP level 9. HP: 66/66 MP: 7/18
  8567 | D:7      | Reached skill level 5 in Fighting
  8803 | D:7      | Noticed a boulder beetle
  8813 | D:7      | Reached skill level 4 in Hexes
  9013 | D:8      | Found a runed translucent gate.
  9019 | D:8      | Reached skill level 6 in Conjurations
  9059 | D:8      | Found a runed translucent gate.
  9061 | D:8      | Identified the cursed +2 spear of Irritation {drain, rElec
                  | rPois SInv Stlth-}
  9061 | D:8      | Identified the +1 chain mail of the Lobster {rC+ Str+3
                  | Dex-3 Stlth+}
  9066 | D:8      | Found a roughly hewn altar of Beogh.
  9597 | D:8      | Reached skill level 7 in Spellcasting
  9917 | D:7      | Reached skill level 6 in Translocations
 10028 | D:7      | You pick up a book of Frost and begin reading...
 10028 | D:7      | You add the spells Freeze, Frozen Ramparts, Ozocubu's
                  | Armour, Hailstorm and Summon Ice Beast to your library.
 10102 | D:7      | Learned a level 3 spell: Frozen Ramparts
 10137 | D:7      | Reached skill level 1 in Ice Magic
 10269 | D:7      | Noticed a cyclops
 10287 | D:7      | HP: 17/68 [sky beast (5)]
 10292 | D:7      | HP: 14/68 [adder (2)]
 10458 | D:7      | HP: 8/69 [boulder beetle (33)]
 10465 | D:7      | HP: 10/69 [worker ant (7)]
 10465 | D:7      | Mangled by a boulder beetle

Vanquished Creatures
  Eustachio (D:4)
  2 black bears
  2 orc warriors
  2 sky beasts (D:7)
  2 ice beasts
  5 ogres
  2 centaurs
  A big kobold (D:7)
  A gnoll sergeant (D:6)
  4 bullfrogs
  9 scorpions
  2 water moccasin skeletons (D:7)
  4 howler monkeys
  A gnoll shaman (D:7)
  2 orc priests (D:8)
  2 centaur skeletons
  4 hounds
  2 jellies (D:7)
  4 orc wizards
  Ijyb (D:4)
  An iguana (D:8)
  Terence (D:2)
  7 worker ants
  2 hound skeletons (D:8)
  A worker ant zombie (D:8)
  5 gnolls
  13 adders
  A howler monkey skeleton (D:7)
  2 white imps
  2 ufetubi
  An adder zombie (D:7)
  A worm (D:2)
  A dart slug (D:2)
  2 leopard geckos
  23 orcs
  5 giant cockroaches
  9 goblins
  9 hobgoblins
  4 jackals
  7 quokkas
  A ball python (D:4)
  6 bats
  5 frilled lizards
  6 kobolds
  A leopard gecko zombie (D:8)
  A quokka skeleton (D:6)
  5 rats
175 creatures vanquished.

Vanquished Creatures (others)
  7 fungi (D:4)
  4 plants (D:5)
  5 toadstools (D:4)
16 creatures vanquished.

Grand Total: 191 creatures vanquished

Table legend:
 A = Non-vault XP
 B = Vault XP
 C = Vault XP percentage of total XP
 D = Non-vault monster count
 E = Vault monster count
 F = Vault count percentage of total count
                 A         B        C        D         E       F
            +---------+---------+-------+---------+---------+-------
      Total |    3438 |    1607 |  31.9 |     138 |      37 |  21.1
            +---------+---------+-------+---------+---------+-------
        D:1 |      15 |       0 |   0.0 |      10 |       0 |   0.0
        D:2 |      25 |      36 |  59.0 |      12 |       1 |   7.7
        D:3 |      61 |      28 |  31.5 |      22 |       6 |  21.4
        D:4 |     287 |     229 |  44.4 |      16 |       2 |  11.1
        D:5 |     367 |      26 |   6.6 |      14 |       3 |  17.6
        D:6 |     895 |       0 |   0.0 |      21 |       0 |   0.0
        D:7 |     835 |    1256 |  60.1 |      16 |      24 |  60.0
        D:8 |     953 |      32 |   3.2 |      27 |       1 |   3.6
            +---------+---------+-------+---------+---------+-------

Illustrated notes

Table legend:
 A = Kills in this place as a percentage of kills in entire the game.
 B = Kills by you in this place as a percentage of kills by you in the entire game.
 C = Kills by friends in this place as a percentage of kills by friends in the entire game.
 D = Other kills in this place as a percentage of other kills in the entire game.
 E = Experience gained in this place as a percentage of experience gained in the entire game.
 F = Experience gained in this place divided by the number of levels of this place that you have seen.
                   A       B       C       D       E      F
               +-------+-------+-------+-------+-------+----------------------
         Total | 100.0 | 100.0 |   N/A |   N/A | 100.0 | 504.5
       Dungeon | 100.0 | 100.0 |   N/A |   N/A | 100.0 | 560.6
               +-------+-------+-------+-------+-------+----------------------

Table legend: (Time is in decaauts)
 A = Elapsed time spent in this place.
 B = Non-inter-level travel time spent in this place.
 C = Inter-level travel time spent in this place.
 D = Time resting spent in this place.
 E = Time spent auto-exploring this place.
 F = Levels seen in this place.
 G = Mean time per level.
                   A        B        C        D        E       F      G
               +--------+--------+--------+--------+--------+-----+--------+
         Total |  10478 |  10201 |    277 |     51 |   8750 |  10 | 1047.8 |
       Dungeon |  10271 |  10003 |    268 |     51 |   8552 |   9 | 1141.2 |
        Temple |    206 |    198 |      8 |      0 |    198 |   1 |  206.0 |
               +--------+--------+--------+--------+--------+-----+--------+

Top non-repeatable levels by time:
     D:5: 1960 daAuts
     D:7: 1492 daAuts
     D:8: 1302 daAuts
     D:3: 1249 daAuts
     D:4: 1217 daAuts
     D:1: 1198 daAuts
     D:2: 940 daAuts
     D:6: 878 daAuts
  Temple: 206 daAuts
     D:9: 31 daAuts
